 Dungeon Crawl Stone Soup version 0.28.0-53-g5a82cb258f (webtiles) character file.

Game seed: 9066930355244893231

2 protoss039 the Digger (level 1, -3/13 HPs)
             Began as a Demonspawn Earth Elementalist on June 2, 2022.
             Slain by a quokka (4 damage)
             ... on level 1 of the Dungeon.
             The game lasted 00:00:27 (284 turns).

protoss039 the Digger (DsEE)                         Turns: 284, Time: 00:00:28

Health: -3/13      AC:  3    Str:  8    XL:     1   Next: 25%
Magic:  0/3        EV: 11    Int: 16    God:
Gold:   0          SH:  0    Dex: 13    Spells: 3/4 levels left

rFire   . . .      SeeInvis .   b - +0 hand axe
rCold   . . .      Faith    .   (no shield)
rNeg    . . .      Spirit   .   a - +0 leather armour
rPois   .          Reflect  .   (no helmet)
rElec   .          Harm     .   (no cloak)
rCorr   .          Rampage  .   (no gloves)
Will    .....                   (no boots)
Stlth   ++........              (no amulet)
HPRegen 0.04/turn               (no ring)
MPRegen 0.08/turn               (no ring)

@: no status effects
A: no striking features
a: no special abilities


You were on level 1 of the Dungeon.
You visited 1 branch of the dungeon, and saw 1 of its levels.

Inventory:

Hand Weapons
 b - a +0 hand axe (weapon)
Missiles
 c - 24 stones
Armour
 a - a +0 leather armour (worn)


   Skills:
 * Level 0.2 Fighting
 + Level 0.1 Armour
 - Level 1.7 Dodging
 - Level 1.7 Stealth
 + Level 2.0 Spellcasting
 * Level 0.9 Transmutations
 + Level 2.7 Earth Magic


You had 3 spell levels left.
You knew the following spells:

 Your Spells              Type           Power      Damage    Failure   Level
a - Sandblast             Erth           20%        2d7       10%         1

Your spell library contained the following spells:

 Spells                   Type           Power      Damage    Failure   Level
 Passwall                 Tmut/Erth      5%         N/A       22%         2
 Stone Arrow              Conj/Erth      10%        3d7       45%         3
 Petrify                  Tmut/Erth      7%         N/A       80%         4


Dungeon Overview and Level Annotations

Branches:
Dungeon (1/15)

Altars:


Message History

Press: ? - help, Shift-Dir - straight line, f/p - quokka
Aim: a quokka (moderately wounded, 71% to hit)
The blast of sand hits the quokka.
The quokka is severely wounded.
The quokka barely misses you.
Unknown command.
Casting: Sandblast (safe; 10% risk of failure)
Confirm with . or Enter, or press ? or * to list all spells.
Aiming: Sandblast (safe; 10% risk of failure)
Press: ? - help, Shift-Dir - straight line, f/p - quokka
Aim: a quokka (severely wounded, 71% to hit)
Okay, then.
The quokka bites you.
* * * LOW HITPOINT WARNING * * *
Casting: Sandblast (safe; 10% risk of failure)
Confirm with . or Enter, or press ? or * to list all spells.
Aiming: Sandblast (safe; 10% risk of failure)
Press: ? - help, Shift-Dir - straight line, f/p - quokka
Aim: a quokka (severely wounded, 71% to hit)
The blast of sand misses the quokka.
The quokka bites you but does no damage.
Casting: Sandblast (safe; 10% risk of failure)
Confirm with . or Enter, or press ? or * to list all spells.
You don't have enough magic to cast this spell.
Unknown command.
Casting: Sandblast (safe; 10% risk of failure)
Confirm with . or Enter, or press ? or * to list all spells.
You don't have enough magic to cast this spell.
Unknown command.
The quokka bites you.
* * * LOW HITPOINT WARNING * * *
A hobgoblin comes into view.
The hobgoblin shouts!
You hear an angry hiss.
The quokka closely misses you.
You see here a +0 hand axe.
b - a +0 hand axe The quokka closely misses you.
b - a +0 hand axe (weapon)
The quokka bites you.
You die...

..#.#.....[.........
..##.......#.#......
#.#......#.#.#.#....
#.#.....##.#.#.##...
#.#.......⌠#.# . ...
##.#..#######.#######
#............<....... .
#..#..#######.#######..#
#..#.......⌠#.#⌠@..g...#
#..#.....##.#.#r##.....#
##.#......#.#.#.#......#
#.##.......#.#.......##
#.#.#...............#.#
#.#..#.............#..#
##########.#######
#.....# ##.....


You could see a quokka and a hobgoblin.

Vanquished Creatures
  An endoplasm (D:1)
  A rat (D:1)
2 creatures vanquished.

Notes
Turn   | Place    | Note
-------+----------+-------------------------------------------
     0 | D:1      | protoss039 the Demonspawn Earth Elementalist began the
                  | quest for the Orb.
     0 | D:1      | Reached XP level 1. HP: 13/13 MP: 3/3
   284 | D:1      | Slain by a quokka

Illustrated notes

Levels and vault maps discovered:
D:1:      matt_arrival_grand_opening, layout_rooms,
          shapermc_ecumenical_altar_starsandcircs

Action                   || total
-------------------------++-------
Melee: Unarmed           ||     1
 Cast: Sandblast         ||     6
Armor: Leather armour    ||     1
Dodge: Dodged            ||     4
